 Dungeon Crawl Stone Soup version 0.19.1-1-g22dce08 (webtiles) character file.

429 esteth the Chopper (level 6, -6/49 HPs)
             Began as a Demonspawn Abyssal Knight on Jan 14, 2017.
             Was a Follower of Lugonu.
             Mangled by kraktruk's ghost (9 damage)
             ... on level 3 of the Dungeon.
             The game lasted 00:10:25 (4633 turns).

esteth the Chopper (Demonspawn Abyssal Knight)      Turns: 4633, Time: 00:10:26

Health: -6/49      AC:  6    Str: 18    XL:     6   Next: 66%
Magic:  16/16      EV: 11    Int: 13    God:    Lugonu [*.....]
Gold:   150        SH:  0    Dex: 13    Spells: 0 memorised, 5 levels left

rFire  . . .     SeeInvis .     a - +1 hand axe
rCold  . . .     Gourm    .     r - +1 leather armour of the Republic {*Corrode Str+6 Dex-2 Slay+6} (curse)
rNeg   . . .     Faith    .     (no shield)
rPois  .         Spirit   .     (no helmet)
rElec  .         Reflect  .     (no cloak)
rCorr  .         Harm     .     (no gloves)
MR     .....                    (no boots)
Stlth  ++........               j - amulet of magic regeneration
                                (no ring)
                                w - ring of magical power

@: no status effects
A: claws 1, rugged brown scales 2, nightstalker 1
a: Depart the Abyss, Renounce Religion


You were on level 3 of the Dungeon.
You worshipped Lugonu.
Lugonu was aware of your devotion.
You were hungry.

You visited 1 branch of the dungeon, and saw 4 of its levels.
You visited the Abyss 1 time.

You collected 150 gold pieces.

Inventory:

Hand Weapons
 a - a +1 hand axe (weapon)
Armour
 b - a +0 leather armour
 i - a +0 ring mail
 r - the cursed +1 leather armour of the Republic (worn) {*Corrode Str+6 Dex-2 Slay+6}
   (You found it on level 4 of the Dungeon)

   It affects your strength (+6).
   It affects your dexterity (-2).
   It affects your accuracy and damage with ranged weapons and melee attacks
   (+6).
   It may corrode you when you take damage.
   It has a curse placed upon it.
Jewellery
 f - an uncursed ring of ice
 j - an amulet of magic regeneration (around neck)
 w - a ring of magical power (left claw)
Wands
 x - a wand of confusion (31/48)
Scrolls
 g - 2 scrolls of amnesia {unknown}
 h - 2 scrolls of blinking {unknown}
 n - a scroll of magic mapping {unknown}
 s - a scroll of enchant armour {unknown}
 u - 3 scrolls of random uselessness {unknown}
 v - a scroll of recharging {unknown}
 y - a scroll of fog {unknown}
Potions
 d - a potion of cancellation {unknown}
 e - a potion of agility {unknown}
 k - a potion of haste {unknown}
 m - a potion of magic {unknown}
 o - 2 potions of lignification {unknown}
 p - a potion of ambrosia {unknown}
 q - 2 potions of brilliance {unknown}
Comestibles
 c - 3 bread rations {@e1}
 l - 2 meat rations {@e2}
 t - 2 beef jerkies


   Skills:
 - Level 3.0 Fighting
 + Level 6.5 Axes
 - Level 1.7 Armour
 - Level 1.0 Dodging
 - Level 2.4 Invocations


You had 5 spell levels left.
You didn't know any spells.

Dungeon Overview and Level Annotations

Branches:
Dungeon (4/15)             Temple (0/1) D:4

Altars:
Fedhas
Nemelex Xobeh

Annotations:
D:3 kraktruk's ghost, amateur TrMo


Innate Abilities, Weirdness & Mutations

You have sharp fingernails.
You are mostly covered in rugged brown scales. (AC +2, +5% HP)
You are slightly more attuned to the shadows.


Message History

You closely miss kraktruk's ghost.
Kraktruk's ghost is severely damaged.
Kraktruk's ghost hits you!
* * * LOW HITPOINT WARNING * * *
You are too injured to fight recklessly!
You are no longer corroded.
Things that are here:
a chunk of flesh {@w0}; a bat skeleton You hit kraktruk's ghost.
Kraktruk's ghost is severely damaged.
Kraktruk's ghost hits you!
* * * LOW HITPOINT WARNING * * *
You hit kraktruk's ghost.
Kraktruk's ghost is severely damaged.
Kraktruk's ghost hits you.
* * * LOW HITPOINT WARNING * * *
You hit kraktruk's ghost.
Kraktruk's ghost is severely damaged.
Kraktruk's ghost hits you!
You die...

#.##............)....#
#.##.................#
..##.................#
..##..............^..#
..##.................#
..##.................#
.##########..###.#...#
.###########.#
#.#..... ##.......#
#.###@#.....
##...8...###..##W#
....
#...8.8...###.##.#
#..8._.8..# #.##.####
#...8.8...# #.(#....#
#....8....# ##.#....#
#.........# #.#....#
#.#..#...#####......#
...
#.#<................#
....


You could see kraktruk's ghost.

Vanquished Creatures
  A phantom (D:3)
  An ice beast (D:4)
  An ogre (D:4)
  A hound (D:4)
  An iguana (D:4)
  3 adders
  3 worms
  2 leopard geckos (D:2)
  An orc (D:4)
  2 ball pythons
  11 bats
  4 giant cockroaches
  8 goblins
  8 hobgoblins
  4 jackals
  A quokka (D:2)
  9 frilled lizards
  5 kobolds
  6 rats
72 creatures vanquished.

Vanquished Creatures (others)
  A fungus (D:4)
1 creature vanquished.

Grand Total: 73 creatures vanquished

Notes
Turn   | Place    | Note
-------+----------+-------------------------------------------
     0 | Abyss:1  | esteth the Demonspawn Abyssal Knight began the quest for the Orb.
     0 | Abyss:1  | Reached XP level 1. HP: 18/18 MP: 2/2
   173 | Abyss:1  | Noticed a raiju
   174 | D:1      | Escaped the Abyss
   211 | D:1      | Reached skill level 1 in Dodging
   245 | D:1      | Reached skill level 2 in Axes
   309 | D:1      | Gained mutation: You have sharp fingernails. [demonic ancestry]
   309 | D:1      | Reached XP level 2. HP: 22/24 MP: 3/3
   333 | D:1      | Reached * piety under Lugonu
  1039 | D:2      | Reached skill level 3 in Axes
  1216 | D:2      | Gained mutation: You are partially covered in rugged brown scales. (AC +1, +3% HP) [demonic ancestry]
  1216 | D:2      | Reached XP level 3. HP: 2/29 MP: 4/4
  2157 | D:2      | Gained mutation: You are slightly more attuned to the shadows. [demonic ancestry]
  2157 | D:2      | Reached XP level 4. HP: 30/36 MP: 5/5
  2165 | D:2      | Reached skill level 4 in Axes
  2411 | D:3      | Noticed a phantom
  2795 | D:4      | Found a staircase to the Ecumenical Temple.
  2800 | D:4      | Got a fine leather armour
  2811 | D:4      | Identified the cursed +1 leather armour of the Republic {*Corrode Str+6 Dex-2 Slay+6} (You found it on level 4 of the Dungeon)
  2817 | D:4      | Found a blossoming altar of Fedhas.
  3185 | D:4      | Noticed an ice beast
  3194 | D:4      | Killed an ice beast
  3194 | D:4      | Reached skill level 5 in Axes
  3194 | D:4      | Reached XP level 5. HP: 22/42 MP: 6/6
  3534 | D:4      | Noticed an ogre
  3542 | D:4      | Killed an ogre
  3542 | D:4      | Reached skill level 6 in Axes
  3542 | D:4      | Gained mutation: You are mostly covered in rugged brown scales. (AC +2, +5% HP) [demonic ancestry]
  3542 | D:4      | Reached XP level 6. HP: 15/49 MP: 7/7
  3812 | D:4      | Found a sparkling altar of Nemelex Xobeh.
  4498 | D:3      | Found a faded altar of an unknown god.
  4591 | D:3      | Noticed kraktruk's ghost (amateur TrMo)
  4633 | D:3      | Mangled by kraktruk's ghost

Skill      XL: |  1  2  3  4  5 |
---------------+----------------+-----
Dodging        | 1 |  1.0
Axes           | 2 3 5 6 |  6.5
Fighting       | |  3.0
Armour         | |  1.7
Invocations    | |  2.4

Action                   |  1- 3 |  4- 6 || total
-------------------------+-------+-------++-------
Melee: Hand axe          |   166 |   107 ||   273
Invok: Depart the Abyss  |     1 |       ||     1
 Stab: Sleeping          |       |     2 ||     2
  Eat: Chunk             |     4 |     7 ||    11
Armor: Leather armour    |    24 |    20 ||    44
       Ring mail         |    50 |    21 ||    71
Dodge: Dodged            |    97 |    63 ||   160
